 Dungeon Crawl Stone Soup version 0.30-a0-743-gbfdf073431 (webtiles) character file.

Game seed: 8531528578210984912

115 DEFE the Covered (level 4, -14/35 HPs)
             Began as a Demonspawn Wanderer on Feb 7, 2023.
             Engulfed by a cloud of flame (24 damage)
             ... on level 2 of the Dungeon.
             The game lasted 00:02:00 (1683 turns).

DEFE the Covered (Demonspawn Wanderer)              Turns: 1683, Time: 00:02:00

Health: -14/35     AC: 14    Str: 13 (15) XL:     4   Next: 68%
Magic:  5/5        EV:  6    Int: 13 (14) God:
Gold:   103        SH:  0    Dex: 10 (11) Spells: 5/5 levels left

rFire   . . .      SeeInvis .    e - +0 mace
rCold   . . .      Faith    .    (no shield)
rNeg    . . .      Spirit   .    d - +0 chain mail
rPois   .          Reflect  .    k - +0 helmet
rElec   .          Harm     .    (no cloak)
rCorr   .          Rampage  .    m - +2 pair of gloves
Will    .....                    (no boots) Stlth
                                 (no amulet)
HPRegen 0.25/turn                (no ring)
MPRegen 0.09/turn                (no ring)

@: no status effects
A: weakness stinger 2
a: no special abilities


You were on level 2 of the Dungeon.
You visited 1 branch of the dungeon, and saw 2 of its levels.

You collected 103 gold pieces.

Inventory:

Hand Weapons
 a - a +0 club
 e - a +0 mace (weapon)
Missiles
 i - a throwing net (quivered)
Armour
 d - a +0 chain mail (worn)
 k - a +0 helmet (worn)
 m - a +2 pair of gloves (worn)
Jewellery
 n - a ring of wizardry
Scrolls
 b - a scroll of vulnerability
 c - a scroll of amnesia {unknown}
 f - a scroll of fear {unknown}
 l - a scroll of enchant weapon {unknown}
 o - a scroll of identify {unknown}
 p - a scroll of silence {unknown}
Potions
 g - a potion of haste {unknown}
 h - a potion of attraction {unknown}
 j - a potion of magic {unknown}


   Skills:
 - Level 3.4 Fighting
 - Level 4.5 Armour
 - Level 1.0 Stealth
 + Level 2.5 Unarmed Combat
 - Level 1.0 Spellcasting
 - Level 2.0 Poison Magic


You had 5 spell levels left.
You didn't know any spells.
Your spell library contained the following spells:

 Spells                   Type           Power      Damage    Failure   Level
 Apportation              Tloc           0%         N/A       100%        1
 Necrotise                Necr           0%         1d4       100%        1
 Summon Small Mammal      Summ           0%         N/A       100%        1
 Cigotuvi's Dreadful Rot  Necr/Pois/Air  4%         N/A       100%        2
 Poisonous Vapours        Pois/Air       6%         N/A       100%        2


Dungeon Overview and Level Annotations

Branches:
Dungeon (2/15)

Altars:


Innate Abilities, Weirdness & Mutations

You have a tail ending in a sharp stinger.


Message History

Health restored: 35 You start waiting.
Done waiting.
p - a scroll labelled IMIUHU ITSOUM Really walk into a travel-excluded area? [Y]es or [N]o only, please.
Really walk into a travel-excluded area?
Really walk into that cloud of flame? [Y]es or [N]o only, please.
Really walk into that cloud of flame? [Y]es or [N]o only, please.
Really walk into that cloud of flame?
Found a scroll labelled WIRCHO ZYUG and 10 gold pieces.
You are engulfed in blazing flames.
You see here a book of Cantrips.
You take 6 damage, and have 29/35 hp.
You pick up a book of Cantrips and begin reading...
You add the spells Necrotise, Summon Small Mammal and Apportation to your library.
You are engulfed in blazing flames.
You take 13 damage, and have 16/35 hp.
MASSIVE DAMAGE!!
Unknown command.
You start resting.
Health restored: 35 Really walk into a travel-excluded area?
Okay, then.
Really walk into a travel-excluded area?
You are engulfed in blazing flames.
You take 12 damage, and have 23/35 hp.
MASSIVE DAMAGE!!
You are engulfed in blazing flames.
* * * LOW HITPOINT WARNING * * *
You take 13 damage, and have 10/35 hp.
MASSIVE DAMAGE!!
Really walk into that cloud of flame? [Y]es or [N]o only, please.
Really walk into that cloud of flame?
You are engulfed in blazing flames.
Ouch! That really hurt!
You die...

#.############ #..## # #...# #
#.○§# #### #○○§# #$... #☼§§#
#?...#####...######
#.....☼○°.....☼○§.#
#.....@○§.....☼☼☼.#
+.....○§§.....§°○.#
##....#####...###### ......
#.§°# ##########.... #.☼○#
#......<##.... #§☼§#
#.########... ###...#
#.########.#######.#.###### ###
...............†...............
.


There were no monsters in sight!

Vanquished Creatures
  Terence (D:2)
  Robin (D:2)
  2 adders (D:2)
  A worm (D:2)
  3 dart slugs
  2 ball pythons
  6 bats
  5 endoplasms
  2 giant cockroaches
  11 goblins
  5 hobgoblins
  2 quokkas (D:1)
  2 frilled lizards (D:2)
  A kobold (D:1)
  6 rats
50 creatures vanquished.

Notes
Turn   | Place    | Note
-------+----------+-------------------------------------------
     0 | D:1      | DEFE the Demonspawn Wanderer began the quest for the Orb.
     0 | D:1      | DEFE set off with the following items: a +0 club, a scroll
                  | of vulnerability, a potion of might, a +0 chain mail; and
                  | the following spells available to memorise: Cigotuvi's
                  | Dreadful Rot, Poisonous Vapours.
     0 | D:1      | Reached XP level 1. HP: 15/15 MP: 2/2
    78 | D:1      | Discovered your monstrous ancestry.
    78 | D:1      | Gained mutation: You have a small tail. [demonic ancestry]
    78 | D:1      | Reached XP level 2. HP: 21/22 MP: 3/3
   396 | D:1      | Reached skill level 1 in Unarmed Combat
   578 | D:1      | Reached XP level 3. HP: 26/28 MP: 4/4
   791 | D:2      | Noticed Terence
   813 | D:2      | Killed Terence
   820 | D:2      | Gained mutation: You have a tail ending in a sharp stinger.
                  | [demonic ancestry]
   820 | D:2      | Reached XP level 4. HP: 19/35 MP: 5/5
  1033 | D:2      | Noticed Robin
  1064 | D:2      | Killed Robin
  1683 | D:2      | Engulfed by a cloud of flame

Illustrated notes

Levels and vault maps discovered:
D:1:      dpeg_arrival_tiny_h, layout_loops_ring, minmay_unequal
D:2:      layout_basic, lemuel_flame_loot_1, uniq_terence, uniq_robin

Skill      XL: |  1  2  3  4 |
---------------+-------------+-----
Fighting       | 2 3 |  3.4
Unarmed Combat | 1 2 |  2.5
Armour         | |  4.5
Stealth        | |  1.0
Spellcasting   | |  1.0
Poison Magic   | |  2.0

Action                     |  1- 3 |  4- 6 || total
---------------------------+-------+-------++-------
  Melee: Mace              |    87 |    63 ||   150
         Club              |     4 |       ||     4
         Tailslap          |     9 |    11 ||    20
         Punch             |     1 |       ||     1
  Throw: Throwing net      |     1 |       ||     1
    Use: Potion            |     1 |     3 ||     4
 Armour: Chain mail        |    64 |    88 ||   152
  Dodge: Dodged            |    16 |    32 ||    48

Table legend: (Time is in decaauts)
 A = Elapsed time spent in this place.
 B = Non-inter-level travel time spent in this place.
 C = Inter-level travel time spent in this place.
 D = Time resting spent in this place.
 E = Time spent auto-exploring this place.
 F = Levels seen in this place.
 G = Mean time per level.
                   A        B        C        D        E       F      G
               +--------+--------+--------+--------+--------+-----+--------+
         Total |   1743 |   1707 |     36 |    513 |    801 |   2 |  871.5 |
       Dungeon |   1743 |   1707 |     36 |    513 |    801 |   2 |  871.5 |
               +--------+--------+--------+--------+--------+-----+--------+

Top non-repeatable levels by time:
     D:2: 1081 daAuts
     D:1: 661 daAuts
